 Dungeon Crawl Stone Soup version 0.30-a0-311-gf115ab0292 (webtiles) character file.

Game seed: 9455078527640221616

64 greasedhog the Stinger (level 4, -12/25 HPs)
             Began as a Gargoyle Venom Mage on Oct 25, 2022.
             Mangled by a gnoll
             ... wielding a +0 halberd
              (13 damage)
             ... on level 3 of the Dungeon.
             The game lasted 00:02:47 (2313 turns).

greasedhog the Stinger (Gargoyle Venom Mage)        Turns: 2313, Time: 00:02:47

Health: -12/25     AC:  7    Str: 12    XL:     4   Next: 12%
Magic:  8/8        EV:  6    Int: 17    God:
Gold:   105        SH:  0    Dex: 10    Spells: 2/8 levels left

rFire   . . .      SeeInvis .    d - +1 mace (drain)
rCold   . . .      Faith    .    (no shield)
rNeg    + . .      Spirit   .    a - +0 robe
rPois   ∞          Reflect  .    (no helmet)
rElec   +          Harm     .    h - +0 cloak {Will+}
rCorr   .          Rampage  .    (no gloves)
Will    +....                    i - +0 pair of boots
Stlth   ++........               (no amulet)
HPRegen 0.24/turn                (no ring)
MPRegen 0.11/turn                (no ring)

@: held
A: sickness immunity, AC +3, negative energy resistance 1, electricity
resistance, torment resistance 1, petrification resistance
a: no special abilities


You were on level 3 of the Dungeon.
You visited 1 branch of the dungeon, and saw 3 of its levels.

You collected 105 gold pieces.

Inventory:

Hand Weapons
 d - a +1 mace of draining (weapon)
Armour
 a - a +0 robe (worn)
 h - a +0 cloak of willpower (worn)
 i - a +0 pair of boots (worn)
Jewellery
 f - an amulet of regeneration
Scrolls
 c - a scroll of identify
 g - 3 scrolls of fog
Potions
 b - a potion of magic
 e - a potion of flight
 j - a potion of haste {unknown}
 k - a potion of resistance {unknown}


   Skills:
 + Level 1.2 Fighting
 - Level 1.5 Dodging
 - Level 2.1 Stealth
 * Level 2.6 Spellcasting
 - Level 1.0 Transmutations
 * Level 1.1 Air Magic
 * Level 3.6 Poison Magic


You had 2 spell levels left.
You knew the following spells:

 Your Spells              Type           Power      Damage    Failure   Level
a - Sting                 Tmut/Pois      40%        1d5       7%          1
b - Poisonous Vapours     Pois/Air       20%        N/A       11%         2
c - Mephitic Cloud        Conj/Pois/Air  7%         N/A       28%         3

Your spell library contained the following spells:

 Spells                   Type           Power      Damage    Failure   Level
 Olgreb's Toxic Radiance  Pois           14%        N/A       38%         4


Dungeon Overview and Level Annotations

Branches:
Dungeon (3/15)

Altars:


Innate Abilities, Weirdness & Mutations

You are immune to sickness and miasma.
Your stone body is resilient. (AC +3)
You are immune to poison.
You resist negative energy. (rN+)
You are resistant to electric shocks. (rElec)
You are resistant to unholy torment.
You are immune to petrification.


Message History

a +4 quarterstaff of chaos; a +0 cloak of willpower
h - a +0 cloak of willpower You start putting on your armour.
You continue putting on your +0 cloak of willpower. x4
You finish putting on your +0 cloak of willpower.
You feel strong-willed.
There is an open translucent door here.
Done exploring.
Done exploring.
Done exploring.
(D) Dungeon
Where to? (Enter - D:2, ? - help)
What level of the Dungeon? (default 1, ? - help)
There is an open translucent door here.
You see here a +4 quarterstaff of chaos.
There is a shaft here.
You see here a rat skeleton.
There is a stone staircase leading down here.
You climb downwards.
The gnoll shouts! x2
Found a war axe, 6 javelins and a scroll labelled DEUJYI PIAXI.
Found a stone staircase leading down.
There is a stone staircase leading up here.
There are monsters nearby!
The gnoll hits you from afar with a +0 halberd.
An ice beast comes into view.
The gnoll hits you from afar with a +0 halberd!
The gnoll closely misses you.
The gnoll throws a throwing net.
The throwing net hits you.
You become entangled in the net!
You stop ascending the stairs.
Unknown command.
You tear a large gash into the net.
The gnoll hits you from afar with a +0 halberd.
* * * LOW HITPOINT WARNING * * *
The gnoll hits you with a +0 club.
* * * LOW HITPOINT WARNING * * *
You struggle against the net.
The gnoll hits you from afar with a +0 halberd!
Ouch! That really hurt!
You die...

.....
.....##########
>Y............
..........(#
#.........#
#..gg.....#
#.........#
#...@g....#
#.........#
#..............
..).###.#######
?.. #.# .. #.#
. #.# ###


You could see an ice beast and 3 gnolls.

Vanquished Creatures
  Crazy Yiuf (D:2)
  3 worms (D:2)
  A dart slug (D:1)
  3 endoplasms
  3 giant cockroaches
  4 goblins
  2 hobgoblins (D:1)
  2 quokkas (D:2)
  2 bats
  A frilled lizard (D:2)
  2 rats (D:2)
24 creatures vanquished.

Notes
Turn   | Place    | Note
-------+----------+-------------------------------------------
     0 | D:1      | greasedhog the Gargoyle Venom Mage began the quest for the
                  | Orb.
     0 | D:1      | Reached XP level 1. HP: 10/10 MP: 3/3
   222 | D:1      | Reached skill level 1 in Transmutations
   403 | D:1      | Reached XP level 2. HP: 15/15 MP: 1/5
   406 | D:1      | Learned a level 2 spell: Poisonous Vapours
  1754 | D:2      | Reached XP level 3. HP: 20/20 MP: 6/6
  1758 | D:2      | Learned a level 3 spell: Mephitic Cloud
  2142 | D:2      | Found a runed translucent door.
  2143 | D:2      | Noticed Crazy Yiuf
  2149 | D:2      | HP: 1/20 [Crazy Yiuf/+4 quarterstaff of chaos (11)]
  2151 | D:2      | Killed Crazy Yiuf
  2152 | D:2      | Reached skill level 1 in Fighting
  2152 | D:2      | Reached skill level 1 in Air Magic
  2152 | D:2      | Reached XP level 4. HP: 1/25 MP: 4/8
  2310 | D:3      | Noticed an ice beast
  2312 | D:3      | HP: 1/25 [gnoll/+0 club (1)]
  2313 | D:3      | Mangled by a gnoll

Illustrated notes

Levels and vault maps discovered:
D:1:      dpeg_arrival_rooms_with_view, layout_loops_corners,
          supply_closet_lemuel
D:2:      layout_loops_cross, uniq_crazy_yiuf_cottage
D:3:      layout_basic, ebering_ecumenical_altar_petrified, chequers_jeans,
          uniq_natasha

Skill      XL: |  1  2  3 |
---------------+----------+-----
Transmutations | 1 |  1.0
Fighting       | 1 |  1.2
Air Magic      | 1 |  1.1
Dodging        | |  1.5
Stealth        | |  2.1
Spellcasting   | |  2.6
Poison Magic   | |  3.6

Action                   |  1- 3 |  4- 6 || total
-------------------------+-------+-------++-------
Melee: Dagger            |     5 |       ||     5
       Mace              |    25 |       ||    25
 Cast: Sting             |    40 |       ||    40
  Use: Scroll            |     5 |       ||     5
 Stab: Invisible         |     1 |       ||     1
Armor: Robe              |     5 |       ||     5
Dodge: Dodged            |    25 |     1 ||    26

Table legend: (Time is in decaauts)
 A = Elapsed time spent in this place.
 B = Non-inter-level travel time spent in this place.
 C = Inter-level travel time spent in this place.
 D = Time resting spent in this place.
 E = Time spent auto-exploring this place.
 F = Levels seen in this place.
 G = Mean time per level.
                   A        B        C        D        E       F      G
               +--------+--------+--------+--------+--------+-----+--------+
         Total |   2321 |   2192 |    129 |    265 |   1704 |   3 |  773.7 |
       Dungeon |   2321 |   2192 |    129 |    265 |   1704 |   3 |  773.7 |
               +--------+--------+--------+--------+--------+-----+--------+

Top non-repeatable levels by time:
     D:1: 1224 daAuts
     D:2: 1093 daAuts
     D:3: 3 daAuts
